[Event "Early-Titled-Tuesday-Blitz-September-05-2023"]
[Site "Chess.com"]
[Date "2023.09.05"]
[Round "10"]
[White "Emp3rador"]
[Black "chess123456s"]
[Result "1-0"]
[WhiteElo "2506"]
[BlackElo "2653"]
[TimeControl "180+1"]
[EndTime "9:55:26 PDT"]
[Termination "Emp3rador won on time"]

1. e4 e5 2. Nf3 Nc6 3. d4 exd4 4. Nxd4 Nf6 5. Nc3 Bb4 6. Nxc6 bxc6 7. Bd3 d5 8. exd5 O-O 9. O-O cxd5 10. Bg5 Be6 11. Qf3 h6 12. Bxf6 Qxf6 13. Qxf6 gxf6 14. Ne2 Rab8 15.
b3 Bd6 16. Rad1 Rfe8 17. Nd4 c5 18. Nf5 Bxf5 19. Bxf5 Re5 20. Bg4 d4 21. Rd3 Rbe8 22.
g3 Re1 23. c3 dxc3 24. Rxc3 a5 25. Rc4 Rxf1+ 26. Kxf1 Rb8 27. Be2 Rb4 28. Rc3 a4 29. Rd3 Be5 30. Rd8+ Kg7 31. Bc4 axb3 32. axb3 Rb7 33. Ke2 Bd4 34. Kf3 Ra7 35. h4 Ra2 36.
Rd7 Rxf2+ 37. Kg4 f5+ 38. Kh5 Kf6 39. Rxf7+ Ke5 40. Re7+ Kd6 41. Re6+ Kd7 42. Rxh6 Rf3 43. Rg6 Bf2 44. g4 fxg4 45. Rxg4 Ke7 46. Rg7+ Kf8 47. Rg8+ Ke7 48. Rg4 Kf6 49. Rg6+ Kf5 50. Rg5+ Kf6 51.
Rg8 Ke5 52. Re8+ Kd4 53. Kg4 Rg3+ 54. Kf5 Rh3 55. Re4+ Kc3 56. Kg5 1-0

[Event "Early-Titled-Tuesday-Blitz-September-05-2023"]
[Site "Chess.com"]
[Date "2023.09.05"]
[Round "10"]
[White "hansen"]
[Black "SAInt_666"]
[Result "0-1"]
[WhiteElo "2848"]
[BlackElo "2719"]
[TimeControl "180+1"]
[EndTime "9:55:29 PDT"]
[Termination "SAInt_666 won by resignation"]

1. c4 e5 2. Nc3 Bb4 3. e4 Bxc3 4.
bxc3 d6 5. d4 Nc6 6. f3 Nge7 7.
Ne2 Ng6 8. Be3 O-O 9. Qd2 f5 10. exf5 Bxf5 11. Ng3 Bd7 12. Bd3 Nf4 13. Be4 Qh4 14.
O-O-O Kh8 15. Ne2 Na5 16. g3 Nxe2+ 17. Qxe2 Qf6 18. dxe5 Qxe5 19. Bd4 Qe6 20. c5 Rae8 21. Rhe1 Ba4 22. cxd6 Bxd1 23. Rxd1 cxd6 24. Qc2 Nc6 25. Bg1 Rc8 26. Bd5 Qh6+ 27. Qd2 Qxd2+ 28. Kxd2 Ne5 29.
f4 Nc6 30. Rb1 Rc7 31. Re1 Ne7 32. Bb3 b6 33. Re6 Rd8 34. g4 Nc6 35. Bf2 Re7 36.
Rxe7 Nxe7 37. Bh4 Rd7 38. Be6 Rc7 39. c4 h6 40. Kd3 Ng6 41. Bg3 Rc5 42. a4 Ne7 43. f5 d5 44. Bd6 dxc4+ 45. Kd4 Nc6+ 46. Kc3 Ra5 47. Bxc4 Ne5 48. Be2 Nf7 49. Bb4 Rxa4 50. h3 Ra1 51. Kd2 Ra2+ 52. Ke3 a5 53. Bc3 Ra3 54.
Kd2 Nd6 55. Bd3 b5 56. Bb2 Ra2 57. Kc2 a4 58. Kb1 Rxb2+ 59. Kxb2 b4 60. Bc2 a3+ 61. Kb3 Nc4 62. Bb1 Nd2+ 63. Kxb4 Nxb1 64. Kb3 Kg8 65. h4 Kf7 66. g5 h5 67. Ka2 Nd2 68. Kxa3 Nf3 69. f6 g6 0-1

[Event "Early-Titled-Tuesday-Blitz-September-05-2023"]
[Site "Chess.com"]
[Date "2023.09.05"]
[Round "10"]
[White "HansOnTwitch"]
[Black "platy3"]
[Result "1-0"]
[WhiteElo "3062"]
[BlackElo "2914"]
[TimeControl "180+1"]
[EndTime "9:55:36 PDT"]
[Termination "HansOnTwitch won by resignation"]

1. e4 c5 2. Nf3 e6 3. b3 Nc6 4. Bb2 Qc7 5. g3 d6 6. Bg2 Nf6 7. Qe2 e5 8. O-O Bg4 9. c3 Be7 10. Na3 a6 11. Nc4 O-O 12. Ne3 Bh5 13. Nd5 Nxd5 14.
exd5 Nd8 15. d4 f6 16. h3 Bxf3 17. Bxf3 f5 18. Bg2 Bf6 19. dxe5 Bxe5 20. f4 Bf6 21. c4 Bxb2 22. Qxb2 Nf7 23. Rae1 Rae8 24. Re6 Nd8 25. Re2 Qf7 26. Rfe1 Rxe2 27. Qxe2 g6 28. Bf3 Qf6 29.
Kg2 Kg7 30. a3 Nf7 31. Qd2 b5 32. cxb5 axb5 33. a4 bxa4 34. bxa4 Rb8 35. Re2 Qa1 36. Qa2 Qc3 37. Rc2 Qe1 38. Re2 Qc3 39. Qd2 Qb3 40.
Qa2 Qd3 41. Rd2 Qc3 42. Rc2 Qa5 43. Rb2 Ra8 44. Qa1 Qc3 45. Ra2 Qxa1 46. Rxa1 Nd8 47. a5 Kf7 48. Be2 Ke7 49. a6 Kd7 50. Rb1 Kc7 51. Bc4 Ra7 52. Re1 Kd7 53. Kf3 Kc7 54. Re7+ Kb6 55. Re8 Rd7 56. Re1 Ka7 57. Rb1 Rc7 58.
g4 Nf7 59. g5 Nd8 60. h4 Re7 61. Rb3 Re1 62. Re3 Rc1 63. Re7+ Kb6 64. Be2 Ra1 65. Rxh7 Ra3+ 66. Kf2 Ra2 67. h5 c4 68. hxg6 c3 69. g7 c2 70. g8=Q c1=Q 71. Qxd8+ Kc5 72. Rc7+ 1-0

[Event "Early-Titled-Tuesday-Blitz-September-05-2023"]
[Site "Chess.com"]
[Date "2023.09.05"]
[Round "10"]
[White "Athanasios2"]
[Black "qx4z"]
[Result "1/2-1/2"]
[WhiteElo "2708"]
[BlackElo "2824"]
[TimeControl "180+1"]
[EndTime "9:55:36 PDT"]
[Termination "Game drawn - insufficient material"]

1. Nf3 Nf6 2. c4 g6 3. g3 Bg7 4.
Bg2 O-O 5. O-O c6 6. Nc3 d5 7.
cxd5 cxd5 8. d4 Nc6 9. Ne5 e6 10.
Nxc6 bxc6 11. Bf4 Nd7 12. Na4 Ba6 13. Rc1 Rc8 14. Bd6 Re8 15. Nc5 Nxc5 16. Bxc5 Qa5 17. a3 Qb5 18. Bf3 Qxb2 19. Rb1 Qc3 20. Qa4 Bb5 21.
Qxa7 Ra8 22. Qb6 Reb8 23. Qc7 Bxd4 24. Rfc1 Be5 25. Qe7 Qd2 26. e3 Ba4 27. Bb4 Qd3 28. Bg2 Bc2 29. Bf1 Qf5 30. Bh3 Qxh3 31. Rxc2 Rxa3 32.
Rxc6 Qf5 33. Rbc1 Raa8 34. Qc5 Kg7 35. Bc3 Bxc3 36. Qxc3+ Qf6 37. Qxf6+ Kxf6 38. Kg2 Rb2 39. R1c2 Rb1 40. Rc1 Rb4 41. Rc7 Rab8 42. Rd7 R8b7 43. Rd8 Ra7 44. Rc2 g5 45. Rh8 Ra1 46. Rxh7 g4 47.
h3 gxh3+ 48. Rxh3 Rbb1 49. Kf3 Rf1 50. Rh8 e5 51. Rh5 Ke6 52. e4 Ra3+ 53. Kg2 Rd1 54. exd5+ Rxd5 55. Re2 f6 56. f4 Rdd3 57. Rh3 Kf5 58.
fxe5 fxe5 59. Rh5+ Kg4 60. Rh4+ Kf5 61. Rh5+ Kg6 62. Rhxe5 Rxg3+ 63. Kf2 Raf3+ 64. Ke1 Rg1+ 65. Kd2 Rgg3 66. R5e3 Rxe3 67. Rxe3 Rxe3 68. Kxe3 1/2-1/2

[Event "Early-Titled-Tuesday-Blitz-September-05-2023"]
[Site "Chess.com"]
[Date "2023.09.05"]
[Round "10"]
[White "wqws"]
[Black "Gareth-Bale11"]
[Result "1/2-1/2"]
[WhiteElo "2648"]
[BlackElo "2772"]
[TimeControl "180+1"]
[EndTime "9:55:40 PDT"]
[Termination "Game drawn - insufficient material"]

1. e4 e5 2. Nf3 Nc6 3. Bb5 a6 4.
Ba4 Nf6 5. d3 b5 6. Bb3 Bc5 7.
c3 d6 8. d4 Bb6 9. O-O h6 10. h3 O-O 11. Re1 Re8 12. d5 Ne7 13. Nbd2 c6 14. dxc6 Nxc6 15. Nf1 Na5 16. Bc2 Be6 17. Ne3 Qc7 18. Nh4 Bxe3 19. Bxe3 Nc4 20. Bc1 Rad8 21. Qf3 Qe7 22. Nf5 Bxf5 23. Qxf5 Qe6 24.
Qxe6 fxe6 25. b3 Nb6 26. Be3 Rb8 27. Rad1 d5 28. f4 Nxe4 29. Bxe4 dxe4 30. Bxb6 Rxb6 31. fxe5 Rc6 32. Rxe4 Rxc3 33. Rd7 Rec8 34. Rg4 g5 35. Re7 R3c6 36. Rd4 h5 37. Rdd7 Rc1+ 38. Kh2 h4 39. Rg7+ Kf8 40. Rh7 Kg8 41. Rdg7+ Kf8 42. Rxg5 R8c2 43.
Rxh4 Rxa2 44. Rf4+ Ke8 45. h4 a5 46. h5 a4 47. h6 Raa1 48. bxa4 bxa4 49. Rg8+ Kd7 50. Rg7+ Kc6 51. h7 Rh1+ 52. Kg3 Ra3+ 53. Rf3 Rxf3+ 54. gxf3 Kd5 55. Kf4 a3 56. Rd7+ Kc5 57.
Ra7 Kb4 58. Kg5 Kb3 59. f4 a2 60. f5 exf5 61. Rxa2 Kxa2 62. Kxf5 Rxh7 63. e6 Kb3 64.
Kf6 Kc4 65. e7 Rxe7 66. Kxe7 1/2-1/2

[Event "Early-Titled-Tuesday-Blitz-September-05-2023"]
[Site "Chess.com"]
[Date "2023.09.05"]
[Round "10"]
[White "amylazy"]
[Black "crazy_m_attack"]
[Result "0-1"]
[WhiteElo "2437"]
[BlackElo "2371"]
[TimeControl "180+1"]
[EndTime "9:55:41 PDT"]
[Termination "crazy_m_attack won by resignation"]

1. d4 Nf6 2. Nf3 e6 3. e3 d5 4.
Bd3 c5 5. O-O Nc6 6. b3 cxd4 7.
exd4 Bd6 8. Bb2 O-O 9. Nbd2 Qc7 10. Re1 Re8 11. Ne5 Bxe5 12. dxe5 Nd7 13. a3 Ndxe5 14. Bxe5 Nxe5 15. Bxh7+ Kxh7 16. Qh5+ Kg8 17. Rxe5 Qxc2 18.
Nf3 Bd7 19. Ng5 Qg6 20. Qxg6 fxg6 21. Rae1 Rac8 22. g3 Rc6 23. b4 Rd6 24. h4 d4 25.
Ne4 Rc6 26. Nc5 Bc8 27. Rd1 Rd8 28. b5 Rcd6 29. Rd3 Rd5 30. Nxe6 Rxe5 31. Nxd8 Rd5 32. Nxb7 Bxb7 33. a4 Bc8 34. f3 Bf5 35. Rd2 g5 36.
hxg5 Bg6 37. Kf2 d3 38. f4 Rd4 39. a5 Rd5 40. b6 axb6 41. axb6 Rb5 42. g4 Rxb6 43.
f5 Be8 44. Rxd3 Kf7 45. Ke3 Rb4 46. Kf3 Bc6+ 47. Kg3 Bb5 48. Re3 Ba4 49. Rd3 Re4 50. Kh4 Bb5 51. g6+ Kf6 52. Rd6+ Ke7 53. Rb6 Be2 54.
Rb7+ Kf6 55. Rf7+ Ke5 56. Re7+ Kf4 57. Rxe4+ Kxe4 58. Kg5 Ke5 59. Kh4 Kf4 60. f6 gxf6 61.
g7 Bc4 62. Kh5 Bf7+ 63. Kh6 Kxg4 64. Kh7 f5 65. g8=Q+ Bxg8+ 0-1

[Event "Early-Titled-Tuesday-Blitz-September-05-2023"]
[Site "Chess.com"]
[Date "2023.09.05"]
[Round "10"]
[White "RIPOL"]
[Black "hongnhung1234"]
[Result "0-1"]
[WhiteElo "2404"]
[BlackElo "2512"]
[TimeControl "180+1"]
[EndTime "9:55:52 PDT"]
[Termination "hongnhung1234 won on time"]

1. d4 f5 2. Nf3 Nf6 3. g3 g6 4.
Bg2 Bg7 5. b4 O-O 6. Bb2 d6 7.
c4 Ne4 8. Qb3 a5 9. b5 a4 10.
Qc2 c6 11. Na3 Nd7 12. O-O Ndf6 13. Rab1 Qe8 14. bxc6 bxc6 15. Ba1 g5 16. Rfd1 f4 17. Nd2 Nxd2 18. Qxd2 fxg3 19. hxg3 Qh5 20. f3 Bh3 21. Rf1 Rae8 22. e4 g4 23. e5 Bxg2 24. Qxg2 gxf3 25. Rxf3 Ng4 26. Rbf1 Rxf3 27. Rxf3 dxe5 28. dxe5 Nxe5 29. Rf1 Rd8 30. Nc2 Nxc4 31. Qxc6 Nd6 32. Bxg7 Kxg7 33. Qc3+ Kg8 34. Qd4 Rc8 35. Ne3 Qg6 36. Kg2 Rf8 37.
Rxf8+ Kxf8 38. Qxa4 Qd3 39. Qf4+ Ke8 40. a4 Qd2+ 41.
Kh3 Qd3 42. a5 Kd7 43. a6 Qxa6 44.
Qg4+ Kc7 45. Nd5+ Kd8 46. Qg8+ Kd7 47. Qg7 Qf1+ 48. Kh2 Qf2+ 49. Kh3 Qf5+ 50. Qg4 Qxg4+ 51. Kxg4 Ke6 52. Nf4+ Ke5 53. Nd3+ Kd4 54. Nb4 e5 55. Nc6+ Kd5 56. Ne7+ Ke6 57. Nc6 Ne4 58. Kh5 Nxg3+ 59.
Kh6 e4 60. Kxh7 e3 61. Kg6 Kd5 62. Nb4+ Kc4 63. Nc2 e2 64. Kg5 Kd3 65. Ne1+ Kd2 66. Ng2 Nf1 67. Kg4 Ne3+ 68. Kf3 Nxg2 0-1

[Event "Early-Titled-Tuesday-Blitz-September-05-2023"]
[Site "Chess.com"]
[Date "2023.09.05"]
[Round "10"]
[White "The_Princess_Moon"]
[Black "bazar-wokzal"]
[Result "1/2-1/2"]
[WhiteElo "2296"]
[BlackElo "2519"]
[TimeControl "180+1"]
[EndTime "9:55:53 PDT"]
[Termination "Game drawn by repetition"]

1. e4 Nc6 2. Nf3 d5 3. exd5 Qxd5 4. Nc3 Qa5 5. Bb5 Bd7 6. d3 a6 7. Bc4 Nf6 8. O-O Bg4 9. h3 Bh5 10. Re1 e6 11. Bf4 O-O-O 12. g4 Bg6 13. Qe2 h5 14. g5 Nd5 15. Bxd5 exd5 16. d4 h4 17. a3 Bd6 18. b4 Qb6 19. Qd2 Bh5 20. Nxd5 Qa7 21.
Re3 Bxf3 22. Rxf3 Qxd4 23. Rd1 Bxf4 24. Qxd4 Nxd4 25. Rxd4 Bxg5 26. Rxf7 c6 27. Nb6+ Kb8 28. Nd7+ Ka7 29. c3 Bc1 30. Nc5 Rb8 31. Rdd7 Bxa3 32. Rxb7+ Rxb7 33. Rxb7+ Ka8 34. Rxg7 Bb2 35. Rg6 Bxc3 36.
Rxc6 a5 37. bxa5 Rd8 38. Kg2 Rd1 39. a6 Bd4 40. Rc8+ Ka7 41. Rc7+ Kb6 42. Ne6 Be5 43.
Rb7+ Kxa6 44. Rb3 Ka5 45. Re3 Bd6 46. Re4 Kb5 47. Nd4+ Kc5 48. Nf5 Bc7 49. Rxh4 Ra1 50. Rg4 Kd5 51. Ne3+ Ke5 52. h4 Bb6 53. Kf3 Bxe3 54.
fxe3 Rf1+ 55. Kg3 Rg1+ 56. Kf3 Rf1+ 57. Ke2 Rh1 58. Rf4 Rh3 59. Kd3 Kd5 60. Ra4 Ke5 61.
h5 Kf6 62. Ra5 Ke6 63. Kd4 Rh4+ 64. e4 Rh1 65. Ra6+ Kf7 66. Ke5 Rxh5+ 67. Kd4 Rb5 68. e5 Ke7 69. Ke4 Rb1 70. Kf5 Rf1+ 71. Ke4 Re1+ 72.
Kf4 Rf1+ 73. Ke4 Re1+ 74. Kd5 Rd1+ 75. Kc5 Rc1+ 76. Kd4 Rd1+ 77. Ke4 Re1+ 1/2-1/2

[Event "Early-Titled-Tuesday-Blitz-September-05-2023"]
[Site "Chess.com"]
[Date "2023.09.05"]
[Round "10"]
[White "jsdbv18"]
[Black "Flaccidmoves"]
[Result "1-0"]
[WhiteElo "2630"]
[BlackElo "2488"]
[TimeControl "180+1"]
[EndTime "9:55:54 PDT"]
[Termination "jsdbv18 won by resignation"]

1. d4 Nf6 2. Bf4 g6 3. Nc3 d5 4. e3 Bg7 5. Nb5 Na6 6. a4 O-O 7. c3 c5 8. Nf3 Nh5 9. Bg5 h6 10. Bh4 g5 11. Nd2 gxh4 12. Qxh5 e6 13. Nf3 Nc7 14.
Qxh4 Qxh4 15. Nxh4 Ne8 16. dxc5 a6 17. Nd4 Bd7 18.
Kd2 Rc8 19. b4 Nf6 20. f3 Nh7 21. f4 Nf6 22. Bd3 Rfe8 23. Nhf3 Ne4+ 24. Bxe4 dxe4 25.
Ne5 Red8 26. Rhd1 Be8 27. Ke2 f6 28. Nc4 Bh5+ 29. Ke1 Bxd1 30. Rxd1 e5 31. fxe5 fxe5 32. Nf5 Rxd1+ 33. Kxd1 Rd8+ 34. Kc2 Bf8 35. Ng3 Rd7 36. Nxe4 Rf7 37. Nxe5 Rf1 38. h4 Rh1 39. g3 Rh2+ 40. Kd3 Ra2 41. a5 Rg2 42. Nc4 Kf7 43. g4 Ke6 44. g5 hxg5 45. Nxg5+ Kd5 46. e4+ Kc6 47. Ne5+ Kb5 48. Ne6 Rg3+ 49. Kd4 Bg7 50. Nxg7 Rxg7 51. Nf3 Rg3 52. Ng5 Rg4 53. Nf7 Rxh4 54. Nd6+ Kc6 55. Nc4 Rh1 56. Ne5+ Kc7 57. c4 Rd1+ 58. Nd3 Kc6 59.
Kc3 Kc7 60. b5 Kd7 61. c6+ bxc6 62. Nc5+ Kc7 63. Nxa6+ Kb7 64. Nc5+ Kc8 65. Nd3 Ra1 66.
Kb4 Kc7 67. a6 Rb1+ 68. Kc5 cxb5 69. cxb5 Rd1 70. Ne5 Rc1+ 71. Nc4 Rd1 72. b6+ Kb8 73. e5 Re1 74. Kd5 Rd1+ 75. Kc6 Re1 76. a7+ Ka8 77. Kc7 Rb1 78. e6 Rb5 79. e7 Rc5+ 80. Kd6 Rc8 81.
Na5 Rc6+ 82. Nxc6 Kb7 83. a8=Q+ Kxb6 84. Qb8+ 1-0

[Event "Early-Titled-Tuesday-Blitz-September-05-2023"]
[Site "Chess.com"]
[Date "2023.09.05"]
[Round "10"]
[White "GasconJR"]
[Black "ContrVersia"]
[Result "1/2-1/2"]
[WhiteElo "2725"]
[BlackElo "2904"]
[TimeControl "180+1"]
[EndTime "9:55:55 PDT"]
[Termination "Game drawn by repetition"]

1. Nf3 d5 2. g3 Nd7 3. d4 Nb6 4. Nc3 Nf6 5. Bg2 h6 6. Qd3 c6 7. O-O g6 8. e4 dxe4 9. Nxe4 Nxe4 10.
Qxe4 Bg7 11. Re1 Bf5 12. Qe2 a5 13. c4 O-O 14. b3 Re8 15. Ba3 Bf6 16. Rad1 a4 17. Bb4 axb3 18. axb3 Nd7 19. Ne5 Bxe5 20. dxe5 Qb6 21. Bd2 Qxb3 22. Bxh6 Ra2 23. Rd2 Rea8 24. e6 Bxe6 25. Red1 Rxd2 26. Qxd2 Qxc4 27. Qb2 f6 28. Qxb7 Qa4 29. Rxd7 Bxd7 30. Qxd7 Qa1+ 31. Bf1 Qe5 32. Bf4 Qe1 33. Qxc6 Ra1 34. Qc4+ Kg7 35. Kg2 g5 36.
Be3 Qd1 37. h4 gxh4 38. gxh4 Ra4 39. Qd3 Qg4+ 40. Kh2 Qxh4+ 41. Bh3 Ra5 42. Qd7 Qe4 43. Qe6 Qxe6 44. Bxe6 Rh5+ 45. Kg3 Re5 46. Bh3 Ra5 47. Bg2 Ra4 48. Bf3 Kf7 49. Bg2 Kg6 50. Kf3 f5 51. Ke2 e5 52. Bd2 Ra2 53. Bd5 Rb2 54. Kd3 Kf6 55.
f4 e4+ 56. Ke3 Kg6 57. Bc3 Rh2 58. Be5 Rh3+ 59. Ke2 Rh2+ 60. Ke3 Kh5 61. Be6 Kg4 62.
Bd6 Rh3+ 63. Ke2 Rd3 64. Be5 Rh3 65. Bc7 Rc3 66. Be5 Rc2+ 67. Ke3 Rc1 68. Kd2 Rf1 69. Ke3 Rf3+ 70. Ke2 Rh3 71. Kf2 Rh2+ 72. Ke3 Rh6 73. Bd7 Rh7 74. Be6 Re7 75. Bc8 Re8 76. Bd7 Rd8 77. Be6 Rd3+ 78. Ke2 Rd8 79. Ke3 Ra8 80. Ke2 Ra3 81. Bd7 Rd3 82. Be6 1/2-1/2

[Event "Early-Titled-Tuesday-Blitz-September-05-2023"]
[Site "Chess.com"]
[Date "2023.09.05"]
[Round "10"]
[White "gau248"]
[Black "Mr_Lion22"]
[Result "1/2-1/2"]
[WhiteElo "2581"]
[BlackElo "2454"]
[TimeControl "180+1"]
[EndTime "9:55:56 PDT"]
[Termination "Game drawn - insufficient material"]

1. d4 d5 2. Nf3 c6 3. c4 e6 4.
Qc2 dxc4 5. Qxc4 Nf6 6. Bg5 b5 7. Qc2 Bb7 8. Nbd2 Nbd7 9. g3 c5 10. dxc5 Bxc5 11. Bg2 Rc8 12. Qb3 Qb6 13. O-O Bd5 14. Qd1 Ng4 15. e3 h6 16. h3 hxg5 17. hxg4 Nf6 18. Nxg5 Bxe3 19. Nde4 Bxg5 20. Nxg5 Bxg2 21.
Kxg2 Qb7+ 22. Qf3 Qxf3+ 23. Kxf3 Ke7 24. Rac1 Nd5 25. Ne4 b4 26. Rfd1 a5 27. g5 f6 28.
gxf6+ gxf6 29. Nc5 Rc6 30. Nb3 Rhc8 31. Rxc6 Rxc6 32. Re1 e5 33. Nxa5 Rc2 34. Re2 Rc1 35.
Nb3 Rd1 36. Rd2 Rxd2 37. Nxd2 f5 38. a3 e4+ 39. Ke2 bxa3 40. bxa3 Nc3+ 41. Ke3 Ke6 42. Nc4 Kd5 43. Nb2 Ke5 44. a4 Nd5+ 45. Ke2 Kd4 46. f3 Nc3+ 47. Kf2 e3+ 48. Ke1 Kd5 49. a5 Kc5 50.
Nd1 Nd5 51. Ke2 f4 52. gxf4 Nxf4+ 53. Kxe3 Ne6 54. Nc3 Kc6 55. Ke4 Ng5+ 56. Kf4 Nxf3 57. Nd5 Kb7 58. Nb4 Nd4 59. Ke4 Nb3 60. a6+ Ka7 61.
Kd5 Na5 62. Kc5 Nb3+ 63. Kb5 Nd4+ 64. Ka5 Nb3+ 65. Kb5 Nd4+ 66. Kc4 Ne6 67. Kb5 Nc7+ 68. Ka5 Nxa6 1/2-1/2

[Event "Early-Titled-Tuesday-Blitz-September-05-2023"]
[Site "Chess.com"]
[Date "2023.09.05"]
[Round "10"]
[White "kasun_bole"]
[Black "brm72"]
[Result "1-0"]
[WhiteElo "2417"]
[BlackElo "2526"]
[TimeControl "180+1"]
[EndTime "9:55:57 PDT"]
[Termination "kasun_bole won by resignation"]

1. d4 Nf6 2. c4 e6 3. Nf3 Bb4+ 4.
Bd2 Be7 5. e3 b6 6. Bd3 Bb7 7.
Qc2 d5 8. a3 O-O 9. b4 dxc4 10.
Bxc4 Nbd7 11. Nc3 c5 12. bxc5 bxc5 13. dxc5 Bxc5 14. Rb1 Nb6 15. Be2 Rc8 16. O-O Qe7 17. a4 Bb4 18. Qb3 a5 19. Rbc1 Rfd8 20. Rfd1 Nfd5 21. Nb5 Rxc1 22. Bxc1 Rc8 23. Bb2 h6 24. Nfd4 Qg5 25. Bf3 Ba8 26. g3 Qe7 27. Rc1 Rxc1+ 28. Bxc1 Qc5 29. Bb2 Bb7 30. Kg2 Ba6 31. h3 g6 32. Ba3 Bxa3 33. Nxa3 Qb4 34. Qxb4 Nxb4 35. Nc6 Nxc6 36. Bxc6 Kf8 37. Kf3 Ke7 38. Ke4 Kd6 39.
Be8 Ke7 40. Bc6 f6 41. Kd4 Kd6 42. Be8 e5+ 43. Kc3 Nd5+ 44. Kb3 Bd3 45. Bb5 Bf5 46.
Nc4+ Kc5 47. Nxa5 Bxh3 48. Nb7+ Kb6 49. Nd6 Be6 50. Kc2 Nb4+ 51. Kc3 Nd5+ 52. Kd3 f5 53. e4 Nb4+ 54. Ke3 Nc2+ 55. Kd3 Nd4 56. Nc4+ Kc5 57. Nxe5 fxe4+ 58. Kxe4 Bf5+ 59. Kf4 Kd5 60. Nd3 Nc2 61. g4 Bxd3 62. Bxd3 Nb4 63. Ke3 g5 64. Bf5 Ke5 65. Kd2 Kf4 66. Ke2 Nd5 67. a5 Nb4 68. Bd3 Ke5 69. a6 Nc6 70. Bb5 Na7 71. Bc4 Kd4 72.
Bd3 Nc6 73. Bb5 Na7 74. Bd3 Nc6 75. Bf5 Na7 76. Bd7 Ke5 77. Ke3 Nb5 78. Bxb5 1-0

[Event "Early-Titled-Tuesday-Blitz-September-05-2023"]
[Site "Chess.com"]
[Date "2023.09.05"]
[Round "10"]
[White "NovikovaGalina"]
[Black "Chessbard1972"]
[Result "1-0"]
[WhiteElo "2422"]
[BlackElo "2505"]
[TimeControl "180+1"]
[EndTime "9:55:57 PDT"]
[Termination "NovikovaGalina won by checkmate"]

1. e4 e5 2. Nf3 Nc6 3. Bc4 Nf6 4.
Ng5 d5 5. exd5 Nd4 6. c3 b5 7.
Bf1 Nxd5 8. Ne4 Ne6 9. Bxb5+ Bd7 10. Bxd7+ Qxd7 11. O-O f5 12. Ng3 g6 13. d4 e4 14.
Nd2 Bg7 15. Nc4 O-O 16. Ne5 Qd6 17. Nc4 Qe7 18. Ne3 Ndf4 19. Qb3 Kh8 20. Nd5 Nxd5 21. Qxd5 Rad8 22. Qa5 c5 23. dxc5 Nxc5 24. Bg5 Qxg5 25.
Qxc5 Rde8 26. Rfe1 a6 27. Nxe4 Qg4 28. Nd6 Rd8 29. h3 Qf4 30. Rad1 h6 31. Nf7+ Rxf7 32. Rxd8+ Kh7 33. Qe3 Qc7 34. Rd2 Bf6 35. Rde2 Rg7 36.
Qf3 Qc4 37. Re6 Bd8 38. Re8 Bb6 39. b3 Qc5 40. R1e5 Qc7 41. c4 Bd4 42. Rd5 Bf6 43.
Re2 a5 44. Qd3 Qf4 45. Qe3 Qc7 46. Qd3 Qf4 47. Rd7 Be5 48. g3 Qc1+ 49. Kg2 Qa1 50. Rxg7+ Bxg7 51. Re7 Kg8 52. Qd7 Qf6 53. Rxg7+ Qxg7 54. Qxg7+ Kxg7 55. Kf3 Kf6 56. h4 Ke5 57. Ke3 g5 58.
hxg5 hxg5 59. f4+ gxf4+ 60. gxf4+ Ke6 61. Kd4 Kd6 62. c5+ Kc6 63. Kc4 Kc7 64. a3 Kb7 65. b4 Kc8 66. b5 Kc7 67. a4 Kd7 68. Kd5 Ke7 69. Ke5 Kd7 70. Kxf5 Ke7 71. Ke5 Kd7 72. f5 Ke7 73. Kd5 Kd7 74. f6 Ke8 75. Kc6 Kf7 76. Kb7 Kxf6 77. c6 Ke5 78. c7 Kd4 79. c8=Q Ke3 80. Ka6 Kf2 81. b6 Kg3 82. b7 Kf4 83.
b8=Q+ Ke3 84. Qe6+ Kd4 85. Qd8+ Kc3 86. Qc6+ Kb2 87.
Qd4+ Ka2 88. Qc2+ Ka3 89. Qdc3# 1-0

[Event "Early-Titled-Tuesday-Blitz-September-05-2023"]
[Site "Chess.com"]
[Date "2023.09.05"]
[Round "10"]
[White "AlexPapasimakopoulos"]
[Black "Duhless"]
[Result "1-0"]
[WhiteElo "2759"]
[BlackElo "2986"]
[TimeControl "180+1"]
[EndTime "9:56:03 PDT"]
[Termination "AlexPapasimakopoulos won by resignation"]

1. d4 Nf6 2. c4 e6 3. Nc3 Bb4 4. Qc2 b6 5. a3 Bxc3+ 6. Qxc3 Bb7 7. f3 c5 8. dxc5 bxc5 9. Bg5 O-O 10. e3 d6 11. Bd3 Nbd7 12. Ne2 Ne5 13. Bc2 h6 14. Bf4 Nc6 15. O-O Qe7 16. b4 e5 17.
Bg3 Rad8 18. b5 Nb8 19. e4 Nbd7 20. Bh4 g5 21. Bf2 Nh5 22. Rfd1 Kh8 23. g4 Nf4 24.
Nxf4 gxf4 25. Qe1 Rg8 26. h3 f5 27. Bh4 Nf6 28. Kg2 Qf7 29. Bxf6+ Qxf6 30. exf5 h5 31. Be4 hxg4 32. hxg4 Bc8 33. Qh1+ Kg7 34. Qh5 Rh8 35. Qg6+ Qxg6 36. fxg6 Be6 37. Bd3 Bd7 38. a4 Be8 39. a5 Bxg6 40. Bxg6 Kxg6 41. b6 axb6 42.
axb6 e4 43. fxe4 Kg5 44. b7 Kxg4 45. Ra3 Rh7 46. Rb3 Rb8 47. Rxd6 Rhxb7 48. Rxb7 Rxb7 49. Rg6+ Kh5 50. Rg8 Rb3 51. Kf2 Re3 52. Rc8 Kg4 53.
Rxc5 Rc3 54. Rc8 Rc2+ 55. Ke1 Kf3 56. Kd1 Ra2 57. e5 Ra5 58. c5 Ra6 59. c6 Ra5 60. Rd8 Rc5 61. e6 Kg2 62. e7 f3 63.
e8=Q Rg5 64. Rd2+ f2 65. Rxf2+ Kxf2 66. Qf7+ Ke3 67. c7 Rc5 68. Qe7+ Kd3 69. Qd6+ Ke4 70. Qxc5 Kd3 71. Qd6+ 1-0

[Event "Early-Titled-Tuesday-Blitz-September-05-2023"]
[Site "Chess.com"]
[Date "2023.09.05"]
[Round "10"]
[White "Actuary44"]
[Black "Gauravthegm"]
[Result "1/2-1/2"]
[WhiteElo "2516"]
[BlackElo "2423"]
[TimeControl "180+1"]
[EndTime "9:56:06 PDT"]
[Termination "Game drawn - insufficient material"]

1. e4 c6 2. d4 d5 3. Nc3 dxe4 4.
Nxe4 Nf6 5. Ng3 h5 6. Bd3 Qxd4 7. Nf3 Qd8 8. Bg5 Bg4 9. h3 Bxf3 10. Qxf3 Qd5 11.
Qe3 Nbd7 12. Rd1 Qe5 13. O-O Qxe3 14. Bxe3 e6 15. f4 Bc5 16. Bxc5 Nxc5 17. f5 h4 18. Ne2 e5 19. Bc4 b5 20. b4 Na6 21.
Bb3 Nxb4 22. Nc3 O-O 23. Rd6 Rad8 24. Rfd1 Nbd5 25. Bxd5 cxd5 26. Nxd5 Nxd5 27. R6xd5 Rxd5 28. Rxd5 Rc8 29. Rxb5 Rxc2 30. Ra5 f6 31. Rxa7 Kh7 32. a4 Ra2 33. a5 Kh6 34. a6 Kg5 35.
Rxg7+ Kxf5 36. a7 e4 37. Re7 Kf4 38. Rh7 e3 39. Rxh4+ Ke5 40. Kf1 f5 41. Rh7 Kf4 42.
Re7 Ra1+ 43. Ke2 Ra2+ 44. Kd3 Ra4 45. Rxe3 Rxa7 46. Rf3+ Kg5 47. Ke2 Ra2+ 48. Kf1 Ra1+ 49. Kf2 Ra2+ 50. Kg3 Ra4 51. Kh2 f4 52. Rf2 Ra3 53. Rb2 Kh4 54. Rb5 Ra4 55. Rf5 Rc4 56.
Kg1 Kg3 57. Rg5+ Kh4 58. Rg4+ Kh5 59. Kf2 Rd4 60. Kf3 Rd3+ 61. Kxf4 Rd4+ 62. Kg3 Rd3+ 63.
Kh2 Rd2 64. Rg3 Rb2 65. Rf3 Rc2 66. Re3 Rd2 67. Kg3 Ra2 68. Rf3 Ra1 69. Rf2 Ra3+ 70. Kh2 Rb3 71. g4+ Kh4 72. Kg2 Rg3+ 73. Kf1 Kxh3 74.
Rf4 Kh4 75. Kf2 Rxg4 76. Rxg4+ Kxg4 1/2-1/2

[Event "Early-Titled-Tuesday-Blitz-September-05-2023"]
[Site "Chess.com"]
[Date "2023.09.05"]
[Round "10"]
[White "knightinshiningarmour16"]
[Black "InadaC"]
[Result "1/2-1/2"]
[WhiteElo "2108"]
[BlackElo "1760"]
[TimeControl "180+1"]
[EndTime "9:56:08 PDT"]
[Termination "Game drawn by stalemate"]

1. d4 Nf6 2. Nf3 e6 3. Bg5 d5 4. e3 c5 5. c3 Nc6 6. Be2 cxd4 7. exd4 Be7 8. O-O O-O 9. Nbd2 Bd7 10. Bd3 h6 11.
Bh4 Re8 12. Re1 Qc7 13. Bc2 Rac8 14. Ne5 Nxe5 15. Rxe5 Nh7 16. Bg3 Bd6 17. Re1 Bxg3 18. hxg3 e5 19. dxe5 Rxe5 20. Bxh7+ Kxh7 21. Nf3 Rxe1+ 22. Qxe1 Bf5 23. Qd2 Be4 24. Nd4 a6 25. f3 Bg6 26. g4 Re8 27. Re1 Re7 28. Rxe7 Qxe7 29. f4 Be4 30. Ne2 Qh4 31. Nd4 Qxg4 32. Nb3 b6 33.
Nd4 h5 34. Nc6 f6 35. Ne7 h4 36. Nxd5 h3 37. Ne3 Qxf4 38. gxh3 Qg3+ 39. Kf1 Qxh3+ 40. Ke1 Qg3+ 41. Kf1 Bf3 42. Qf2 Qf4 43. a3 Qe4 44. Nc2 g5 45. Nd4 Qb1+ 46. Qe1 Bg2+ 47. Kf2 Qxb2+ 48.
Ne2 Be4 49. Qd1 Bf5 50. Qd5 Bg4 51. Qe4+ f5 52. Qe7+ Kg6 53. Qe8+ Kf6 54. Qh8+ Ke6 55. Qe8+ Kd5 56. Qd7+ Kc4 57. Qe6+ Kd3 58. Qd5+ Kc2 59. Nd4+ Kb1+ 60. Ke3 Qc1+ 61. Kd3 Qd1+ 62. Kc4 Be2+ 63.
Kb4 a5+ 64. Qxa5 bxa5+ 65. Kxa5 Bc4 66. Kb4 g4 67. Kxc4 g3 68. Nb5 Qe2+ 69. Kb4 g2 70. c4 g1=Q 71. Nc3+ Kc2 72. Nxe2 Qb6+ 73. Ka4 Qe3 74. Nc3 Qxc3 75. c5 Qxc5 1/2-1/2